 Dungeon Crawl Stone Soup version 0.16-a0-282-ga87e286 (webtiles) character file.

224 Ratboiler the Twirler (level 6, 0/47 HPs)
             Began as a Formicid Gladiator on Aug 27, 2014.
             Succumbed to an adder's poison
             ... on Level 4 of the Dungeon.
             The game lasted 00:06:09 (3123 turns).

Ratboiler the Twirler (Formicid Gladiator)          Turns: 3123, Time: 00:06:09

HP   0/47        AC  8     Str 19      XL: 6   Next: 20%
MP   8/8         EV  7     Int 13      God:
Gold 78          SH  0     Dex 13      Spells:  0 memorised,  5 levels left

rFire  . . .     SeeInvis +     t - +1 hammer (drain)
rCold  . . .     Clarity  .     g - +0 chain mail
rNeg   . . .     rCorr    .     (no shield)
rPois  .         rRot     .     (helmet unavailable)
rElec  .         Spirit   .     (no cloak)
SustAb .         Warding  .     (no gloves)
rMut   .         Stasis   +     (no boots)
Gourm  .                        (no amulet)
MR     .....                    (no ring)
                                (no ring)

@: brilliant, lethally poisoned, not resistant to hostile enchantments,
extremely unstealthy
A: permanent stasis, dig shafts and tunnels, four strong arms, antennae 3
a: Dig, Shaft Self


You were on level 4 of the Dungeon.
You were not hungry.

You visited 1 branch of the dungeon, and saw 4 of its levels.

You collected 78 gold pieces.

Inventory:

Hand weapons
 a - a +0 quarterstaff
 t - a +1 hammer of draining (weapon)
Missiles
 d - 3 throwing nets (quivered)
 l - 12 poisoned needles
Armour
 b - a +0 leather armour
 g - a +0 chain mail (worn)
Magical devices
 c - a wand of frost (6)
 n - a wand of frost (9)
Comestibles
 f - 2 bread rations
 k - a meat ration
 s - a beef jerky
Scrolls
 e - 2 scrolls of enchant weapon {unknown}
 i - a scroll of identify {unknown}
 j - 2 scrolls of teleportation {unknown}
 q - a scroll of noise {unknown}
 r - a scroll of recharging {unknown}
 u - a scroll of enchant armour {unknown}
Potions
 p - a potion of resistance {unknown}


   Skills:
 + Level 3.4 Fighting
 * Level 4.8 Staves
 - Level 1.5 Throwing
 + Level 2.4 Armour
 + Level 3.3 Dodging


You had 5 spell levels left.
You didn't know any spells.

Dungeon Overview and Level Annotations

Branches:
Dungeon (4/15)
 Temple: D:4-7

Altars:
Elyvilon

Annotations:
D:3 Crazy Yiuf


Innate Abilities, Weirdness & Mutations

Your are under a permanent stasis effect.
You can dig through walls and to a lower floor.
Your four strong arms can wield two-handed weapons with a shield.
You have a pair of large antennae on your head (SInv).


Message History

You feel sick. The adder bites you.
* * * LOW HITPOINT WARNING * * *
* * * LOW HITPOINT WARNING * * *
You feel sick. The adder bites you.
* * * LOW HITPOINT WARNING * * *
You are more poisoned.
The adder poisons you!
* * * LOW HITPOINT WARNING * * *
You feel sick.
Things that are here:
a club; a goblin corpse; an adder corpse Drink which item? (? for menu, Esc to quit)
Your stasis keeps you stable.
It was a potion of haste.
* * * LOW HITPOINT WARNING * * *
You feel sick. The adder barely misses you.
Drink which item? (? for menu, Esc to quit)
You feel clever all of a sudden.
It was a potion of brilliance.
You die...

########.# #.#
.........# ##.###
.#############....# #
## #..............#.#
#.#...%..##....#.#
#...###..##......#####.
#
##.##.......#O.........
#
#.##.#..####S###.####.
# ###.##.#..####@# .# #
#..............# #
###.#.##....####..
....#.##.#..# #...
....................
....##.#..≈≈≈..#.....
###.# .#..≈[≈. ....(.#
# #.......≈≈≈ ###### #
####.##...


You could see an ogre and an adder.

Vanquished Creatures
  2 scorpions (D:4)
  A worker ant (D:4)
  4 adders
  An orc skeleton (D:4)
  A worm (D:2)
  2 orcs (D:3)
  2 giant cockroaches
  5 goblins
  10 hobgoblins
  5 jackals (D:2)
  5 kobolds
  2 bats
  2 giant geckos
  4 giant newts
  A goblin skeleton (D:4)
  6 rats
53 creatures vanquished.

Notes
Turn   | Place    | Note
--------------------------------------------------------------
     0 | D:1      | Ratboiler, the Formicid Gladiator, began the quest for the Orb.
     0 | D:1      | Reached XP level 1. HP: 16/16 MP: 1/1
   302 | D:1      | Reached XP level 2. HP: 23/23 MP: 3/3
   819 | D:2      | Found a white marble altar of Elyvilon.
   916 | D:2      | Reached XP level 3. HP: 28/28 MP: 4/4
  1516 | D:2      | Reached skill level 1 in Armour
  1677 | D:3      | Reached XP level 4. HP: 17/34 MP: 5/5
  2321 | D:3      | Reached skill level 4 in Staves
  2576 | D:3      | Noticed Crazy Yiuf
  2898 | D:4      | Reached XP level 5. HP: 32/41 MP: 7/7
  3065 | D:4      | Reached XP level 6. HP: 45/47 MP: 8/8
  3074 | D:4      | Noticed an ogre
  3090 | D:4      | HP: 2/47 [poisoned by an adder]
  3120 | D:4      | HP: 2/47 [adder (2)]
  3123 | D:4      | Succumbed to an adder's poison

Action                   |  1- 3 |  4- 6 || total
-------------------------+-------+-------++-------
Melee: Quarterstaff      |   113 |    62 ||   175
       Hammer            |       |    49 ||    49
Evoke: Wand              |     1 |       ||     1
  Use: Potion            |       |     4 ||     4
  Eat: Chunk             |     2 |     3 ||     5
       Royal jelly       |       |     1 ||     1
